 Dungeon Crawl Stone Soup version 0.21.1-1-g345015fe64 (webtiles) character file.

40 BrokenGlass the Digger (level 3, -2/21 HPs)
             Began as an Octopode Earth Elementalist on Mar 2, 2018.
             Slain by a howler monkey (3 damage)
             ... on level 2 of the Dungeon.
             The game lasted 00:01:26 (1679 turns).

BrokenGlass the Digger (OpEE)                       Turns: 1679, Time: 00:01:26

Health: -2/21      AC:  1    Str:  7    XL:     3   Next: 50%
Magic:  4/7        EV: 13    Int: 18    God:
Gold:   62         SH:  0    Dex: 12    Spells: 6/7 levels left

rFire    . . .     SeeInvis .   f - +0 dagger
rCold    . . .     Gourm    .   (no shield)
rNeg     . . .     Faith    .   (helmet restricted)
rPois    .         Spirit   .   (no amulet)
rElec    .         Reflect  .   (no ring)
rCorr    .         Harm     .   (no ring)
MR       .....                  (no ring)
Stlth    +++.......             (no ring)
HPRegen  0.07/turn              (no ring)
MPRegen  0.10/turn              (no ring)
                                (no ring)
                                (no ring)

@: no status effects
A: almost no armour, stealthy swim, amphibious, 8 rings, constrict 8, camouflage
1, gelatinous body 1
a: no special abilities


You were on level 2 of the Dungeon.
You were not hungry.

You visited 1 branch of the dungeon, and saw 2 of its levels.

You collected 62 gold pieces.

Inventory:

Hand Weapons
 f - a +0 dagger (weapon)
Missiles
 b - 96 stones (quivered)
Scrolls
 e - 2 scrolls of identify {unknown}
 g - 2 scrolls of enchant weapon {unknown}
 h - a scroll of amnesia {unknown}
 i - a scroll of magic mapping {unknown}
Potions
 a - a potion of berserk rage {unknown}
Books
 d - a book of Geomancy

   Spells                             Type                      Level
   a - Sandblast                      Earth                        1
   b - Passwall                       Transmutation/Earth          2
   c - Stone Arrow                    Conjuration/Earth            3
   d - Petrify                        Transmutation/Earth          4
   e - Lee's Rapid Deconstruction     Earth                        5
Comestibles
 c - 2 rations
 j - a chunk of flesh


   Skills:
 - Level 2.0 Dodging
 - Level 2.6 Stealth
 + Level 2.8 Spellcasting
   Level 1.0 Transmutations
 + Level 3.7 Earth Magic


You had 6 spell levels left.
You knew the following spells:

 Your Spells              Type           Power        Failure   Level  Hunger
a - Sandblast             Erth           ###...       3%          1    None


Dungeon Overview and Level Annotations

Branches:
Dungeon (2/15)

Altars:


Innate Abilities, Weirdness & Mutations

You cannot wear most types of armour.
You are very stealthy in the water. (Stealth+)
You are amphibious.
You can wear up to eight rings at the same time.
You can use your tentacles to constrict eight enemies at once.
Your skin changes colour to match your surroundings (Stealth+).
Your rubbery body absorbs attacks. (AC +1, EV +1)


Message History

Confirm with . or Enter, or press ? or * to list all spells.
Aiming: Sandblast
Press: ? - help, Shift-Dir - straight line, f/p - howler monkey
Aim: a howler monkey (severely wounded, catching its breath)
The blast of sand misses the howler monkey.
b - 97 stones The adder closely misses you.
The quokka misses you.
The howler monkey hits you but does no damage.
Unknown command.
Casting: Sandblast
Confirm with . or Enter, or press ? or * to list all spells.
Aiming: Sandblast
Press: ? - help, Shift-Dir - straight line, f/p - howler monkey
Aim: a howler monkey (severely wounded, catching its breath)
The blast of sand misses the howler monkey.
b - 96 stones The adder bites you but does no damage.
The quokka bites you.
* * * LOW HITPOINT WARNING * * *
The howler monkey hits you.
You die...

##..........#
##.........#.#
######.......†..# ..
................# #
............!...###
.......<..........##
.!.........>.........
......#.....(..##....
............@h..###..
...........rS..(# ..
................#
##.###............ #.
#..............
#............#.
#.#........###
#.###....#..


You could see a howler monkey, an adder and a quokka.

Vanquished Creatures
  A worm (D:2)
  3 dart slugs (D:1)
  A leopard gecko (D:1)
  6 bats (D:1)
  A giant cockroach (D:1)
  3 goblins (D:1)
  2 hobgoblins (D:1)
  3 jackals (D:1)
  A frilled lizard (D:1)
  4 kobolds
  6 rats
31 creatures vanquished.

Notes
Turn   | Place    | Note
-------+----------+-------------------------------------------
     0 | D:1      | BrokenGlass the Octopode Earth Elementalist began the quest for the Orb.
     0 | D:1      | Reached XP level 1. HP: 11/11 MP: 3/3
   570 | D:1      | Reached XP level 2. HP: 17/17 MP: 5/5
  1281 | D:1      | Reached XP level 3. HP: 19/21 MP: 6/6
  1679 | D:2      | HP: 1/21 [quokka (3)]
  1679 | D:2      | Slain by a howler monkey

Action                   || total
-------------------------++-------
Melee: Unarmed           ||    65
       Constrict         ||    27
       Tentacles         ||    10
       Dagger            ||    35
 Cast: Sandblast         ||     9
 Stab: Sleeping          ||     9
  Eat: Chunk             ||     2
Armor: Skin              ||    23
Dodge: Dodged            ||    99
